[Event "Titled Tuesday Blitz August 1 Late 2023"]
[White "Kujawski, Adam"]
[Black "Urbina Perez, Juan Antonio"]
[WhiteFideId "1100920"]
[BlackFideId "2217368"]
[WhiteElo "2345"]
[BlackElo "2439"]
[Result "0-1"]
[Round "9"]
[TimeControl "180+1"]
[Date "2023.08.01"]
[WhiteClock "0:00:02"]
[BlackClock "0:00:39"]
[Board "87"]

1. e4 c5 2. Nf3 d6 3. d4 cxd4 4. Nxd4 Nf6 5. Nc3 Nc6 6. Bg5 Qb6 7. Bxf6 gxf6 8. Nb3 e6 9. Qd2 h5 10. f4 Bd7 11. Be2 O-O-O 12. Bf3 Kb8 13. O-O-O Na5 14. Kb1 Nxb3 15. axb3 h4 16. Rhe1 Rg8 17. f5 Rh8 18. fxe6 fxe6 19. Qf4 Be7 20. Rd3 Qa5 21. Red1 Qe5 22. Qxe5 fxe5 23. h3 Bc6 24. Bg4 Bd7 25. Rf1 Rhf8 26. Rdf3 Rxf3 27. Rxf3 Rf8 28. Rxf8+ Bxf8 29. Kc1 Kc7 30. Kd2 Kd8 31. Kd3 Ke7 32. b4 a6 33. Kc4 b5+ 34. Kd3 Bc6 35. Bf3 Bh6 36. Nd1 d5 37. b3 Kf6 38. c4 d4 39. Kc2 Kg5 40. Nb2 Bf8 41. Nd3 Kf6 42. Kd2 Be8 43. Ke2 Bg6 44. Kf2 Bd6 45. g3 Kg5 46. Kg2 Be8 47. Kf2 Bc6 48. Kg2 Bd7 49. Kf2 bxc4 50. bxc4 Ba4 51. c5 Bc7 52. gxh4+ Kxh4 53. Bg4 Bb5 54. Ke2 Kg3 55. Bxe6 Bd8 56. Kd2 Bg5+ 57. Kc2 Bf6 58. Bd5 Kxh3 59. c6 Bxd3+ 60. Kxd3 Bd8 61. Kc4 Bc7 62. b5 axb5+ 63. Kxb5 Kg3 64. Ka6 d3 65. Bb3 Kf3 66. Kb7 Bd6 67. c7 Bxc7 68. Kxc7 Kxe4 69. Kd6 Kd4 70. Bd1 e4 71. Ke6 e3 72. Kf5 e2 0-1


[Site "https://www.chess.com"]

[Event "Titled Tuesday Blitz August 1 Late 2023"]
[White "Bazilius, Augustinas"]
[Black "Garcia-Castany Musellas, Gal.la"]
[WhiteFideId "12832251"]
[BlackFideId "2241803"]
[WhiteElo "2435"]
[BlackElo "2327"]
[Result "0-1"]
[Round "9"]
[TimeControl "180+1"]
[Date "2023.08.01"]
[WhiteClock "0:00:04"]
[BlackClock "0:00:05"]
[Board "88"]

1. d4 Nf6 2. c4 e6 3. Nf3 Bb4+ 4. Bd2 a5 5. g3 d6 6. Bg2 Nbd7 7. O-O e5 8. Bg5 exd4 9. Nxd4 O-O 10. a3 Bc5 11. Nc3 h6 12. Bc1 a4 13. Ndb5 Nb6 14. Qd3 Be6 15. Nd5 c6 16. Nxb6 Qxb6 17. Nc3 Qb3 18. Ne4 Nxe4 19. Bxe4 Qxc4 20. Qf3 d5 21. Bd3 Qg4 22. Qg2 Qh3 23. Qf3 Bg4 24. Qf4 Rfe8 25. Re1 Re6 26. Be3 Bxe3 27. fxe3 Rae8 28. Rf1 Qh5 29. Qxa4 Rxe3 30. Rf2 Bxe2 31. Bc2 Bg4 32. Raf1 Re1 33. Qf4 Rxf1+ 34. Rxf1 Be6 35. Bd1 Qg6 36. Bc2 Qg5 37. Qf3 Qe5 38. Qd3 g6 39. Qd2 Kg7 40. Bd1 c5 41. Qf2 d4 42. Re1 Qd6 43. Rf1 Bf5 44. g4 Be6 45. Bf3 Qe5 46. Bxb7 Qe3 47. Bf3 Qxf2+ 48. Kxf2 Rb8 49. b4 cxb4 50. axb4 Rxb4 51. Rd1 Rb2+ 52. Kg3 Rb4 53. Kf4 Kf6 54. Ke4 d3+ 55. Kxd3 Bxg4 56. Ke3 Rb3+ 57. Ke4 Bxf3+ 58. Kd4 Bxd1 59. Kc4 Rb2 60. h4 Rh2 61. h5 gxh5 62. Kd3 h4 63. Ke3 h3 0-1


[Site "https://www.chess.com"]

[Event "Titled Tuesday Blitz August 1 Late 2023"]
[White "Lopez Gracia, Fernando"]
[Black "Gabdushev, Ruslan"]
[WhiteFideId "2207184"]
[BlackFideId "4137833"]
[WhiteElo "2318"]
[BlackElo "2429"]
[Result "1-0"]
[Round "9"]
[TimeControl "180+1"]
[Date "2023.08.01"]
[WhiteClock "0:00:17"]
[BlackClock "0:00:00"]
[Board "89"]

1. e4 g6 2. d4 Bg7 3. Nc3 c6 4. f4 d5 5. e5 h5 6. Nf3 Nh6 7. Be3 Na6 8. h3 Bf5 9. Bd3 Nb4 10. Bxf5 Nxf5 11. Bf2 Bh6 12. a3 Na6 13. Qd2 Ng7 14. g4 Ne6 15. Be3 Bg7 16. O-O-O Nf8 17. f5 Qd7 18. Nh4 Nc7 19. Rdf1 O-O-O 20. f6 exf6 21. exf6 Bxf6 22. Rxf6 hxg4 23. hxg4 Qxg4 24. Rf4 Qd7 25. Rhf1 f5 26. Nf3 Nce6 27. Ne5 Qh7 28. R4f2 Nd7 29. Bf4 Nf6 30. Rg1 Rhg8 31. Bg5 Rdf8 32. Bxf6 Rxf6 33. Qe3 Qh4 34. Nf3 Qh7 35. Qe5 Qg7 36. Ng5 Nc7 37. Rh2 Re8 38. Qf4 Rh8 39. Rgh1 Rxh2 40. Rxh2 Ne8 41. Rh7 Qf8 42. Qe5 Nd6 43. Ne6 Rxe6 44. Qxe6+ Kb8 45. Qe7 Qxe7 46. Rxe7 f4 47. Kd1 Nc4 48. b3 Ne3+ 49. Rxe3 fxe3 50. Ke2 Kc7 51. Kxe3 Kd6 52. b4 Ke6 53. Kf4 b6 54. Ne2 Kf6 55. c3 1-0


[Site "https://www.chess.com"]

[Event "Titled Tuesday Blitz August 1 Late 2023"]
[White "Kula, Robert"]
[Black "Carrasco Miranda, Andres"]
[WhiteFideId "1101218"]
[BlackFideId "3405990"]
[WhiteElo "2256"]
[BlackElo "2423"]
[Result "1-0"]
[Round "9"]
[TimeControl "180+1"]
[Date "2023.08.01"]
[WhiteClock "0:00:18"]
[BlackClock "0:00:00"]
[Board "90"]

1. e4 e5 2. c4 Nf6 3. Nc3 Bc5 4. d3 a5 5. Bg5 h6 6. Bh4 c6 7. Nf3 d6 8. Be2 Na6 9. d4 exd4 10. Nxd4 Qe7 11. O-O Qe5 12. Nf3 Qe6 13. Bd3 g5 14. Bg3 Nh5 15. a3 Nxg3 16. hxg3 Qf6 17. e5 dxe5 18. Ne4 Qg7 19. Nxc5 Nxc5 20. Nxe5 O-O 21. Nf3 Bg4 22. Be2 Qxb2 23. Rb1 Qxa3 24. Qd6 Qa2 25. Qxh6 Qxe2 26. Qxg5+ Kh7 27. Qh4+ Kg7 28. Qxg4+ Kh8 29. Qh5+ Kg8 30. Qg5+ Kh8 31. Qh6+ Kg8 32. Rbe1 Qc2 33. Re5 Ne6 34. Rh5 f6 35. Re1 Ng7 36. Re7 1-0


[Site "https://www.chess.com"]

[Event "Titled Tuesday Blitz August 1 Late 2023"]
[White "Thiel, Thomas"]
[Black "Rodriguez, Santiago"]
[WhiteFideId "4615964"]
[BlackFideId "3000591"]
[WhiteElo "2274"]
[BlackElo "2417"]
[Result "0-1"]
[Round "9"]
[TimeControl "180+1"]
[Date "2023.08.01"]
[WhiteClock "0:00:44"]
[BlackClock "0:00:12"]
[Board "91"]

1. e4 c5 2. Nc3 Nc6 3. Bb5 Nd4 4. Bc4 e6 5. Nge2 a6 6. d3 b5 7. Bb3 Qc7 8. O-O Nf6 9. Nxd4 cxd4 10. Ne2 Ng4 11. Bf4 Bd6 12. Bxd6 Qxd6 13. g3 h5 14. h3 Ne5 15. f4 Nc6 16. Qe1 Bb7 17. Qf2 O-O-O 18. a4 b4 19. e5 Qc5 20. c3 h4 21. cxd4 hxg3 22. Qe3 Qb6 23. Rfc1 Kb8 24. Qxg3 Nxd4 25. Nxd4 Qxd4+ 26. Qf2 Qxd3 0-1


[Site "https://www.chess.com"]

[Event "Titled Tuesday Blitz August 1 Late 2023"]
[White "UgarteCesar"]
[Black "Polaczek, Richard"]
[BlackFideId "200026"]
[WhiteElo "2238"]
[BlackElo "2415"]
[Result "1/2-1/2"]
[Round "9"]
[TimeControl "180+1"]
[Date "2023.08.01"]
[WhiteClock "0:00:18"]
[BlackClock "0:00:17"]
[Board "92"]

1. d4 Nf6 2. Bg5 d5 3. Bxf6 gxf6 4. g3 c5 5. e3 Qb6 6. b3 cxd4 7. exd4 Nc6 8. c3 e5 9. dxe5 fxe5 10. Bg2 Be6 11. Ne2 Rd8 12. O-O Bc5 13. b4 Be7 14. Kh1 d4 15. c4 Bxc4 16. Nd2 Be6 17. f4 O-O 18. fxe5 Nxe5 19. Nf4 Bg4 20. Qe1 Bd6 21. h3 Bd7 22. Ne4 f5 23. Nxd6 Qxd6 24. Rd1 Bc6 25. Rf2 Bxg2+ 26. Rxg2 Rde8 27. Qd2 Nf3 28. Qd3 Ne1 29. Qb3+ Kh8 30. Rgd2 Re4 31. Qd5 Qh6 32. Rxd4 Rxf4 33. Qe5+ Kg8 34. Qd5+ Kh8 35. Qe5+ Kg8 36. Qd5+ Kh8 1/2-1/2


[Site "https://www.chess.com"]

[Event "Titled Tuesday Blitz August 1 Late 2023"]
[White "Petersson, Kjell"]
[Black "Stachanczyk, Jacek"]
[WhiteFideId "1705148"]
[BlackFideId "1116657"]
[WhiteElo "2216"]
[BlackElo "2392"]
[Result "0-1"]
[Round "9"]
[TimeControl "180+1"]
[Date "2023.08.01"]
[WhiteClock "0:00:10"]
[BlackClock "0:00:28"]
[Board "93"]

1. d4 d5 2. Bf4 Nf6 3. e3 c5 4. c3 Nc6 5. Nd2 cxd4 6. exd4 Bf5 7. Ngf3 e6 8. Nh4 Bg4 9. Qb3 Qd7 10. h3 Bh5 11. Bd3 Be7 12. Nhf3 Bg6 13. Bb5 O-O 14. Ne5 Qc8 15. O-O Nxe5 16. Bxe5 Nd7 17. Bg3 a6 18. Be2 b5 19. a3 Nb6 20. Nf3 Nc4 21. Ne5 Nd2 22. Qd1 Nxf1 23. Qxf1 Bf6 24. Bd3 Bxe5 25. Bxe5 Bxd3 26. Qxd3 f6 27. Bd6 Re8 28. Re1 Qd7 29. Qg3 Rac8 30. h4 Rc6 31. Bf4 a5 32. Bd2 Qc7 33. Qf3 Kh8 34. h5 Qf7 35. h6 g6 36. Qe2 Kg8 37. Qxb5 Rcc8 38. Qxa5 e5 39. dxe5 fxe5 40. Be3 Rcd8 41. Qa4 Qd7 42. Qb3 Kf7 43. Qa2 Kf6 44. Qb1 d4 45. cxd4 exd4 46. Bd2 Rxe1+ 47. Qxe1 d3 48. Qe3 Qe6 49. Bc3+ Kf7 50. Qa7+ Rd7 51. Qc5 d2 52. Bxd2 Rxd2 53. Qc7+ Rd7 54. Qf4+ Qf5 55. Qc4+ Rd5 56. Qc7+ Qd7 57. Qc4 g5 58. a4 Kg6 59. Qe4+ Kxh6 60. b4 Rd1+ 61. Kh2 Qd6+ 62. g3 Qd5 63. Qe7 Qh1# 0-1


[Site "https://www.chess.com"]

[Event "Titled Tuesday Blitz August 1 Late 2023"]
[White "Uzcategui Rodriguez, Alejandro"]
[Black "Penagalapati, Abhinav"]
[WhiteFideId "3903400"]
[BlackFideId "30938210"]
[WhiteElo "2388"]
[BlackElo "2181"]
[Result "1-0"]
[Round "9"]
[TimeControl "180+1"]
[Date "2023.08.01"]
[WhiteClock "0:00:31"]
[BlackClock "0:00:00"]
[Board "94"]

1. e4 c5 2. Nf3 d6 3. d4 cxd4 4. Nxd4 Nf6 5. Nc3 Nc6 6. Bc4 e6 7. Be3 a6 8. Qe2 Qc7 9. O-O-O Nxd4 10. Bxd4 b5 11. Bb3 Be7 12. f3 Bb7 13. g4 Rc8 14. h4 h6 15. g5 Nh5 16. Qe3 Qc6 17. gxh6 Rxh6 18. Bxg7 Rh7 19. Bd4 a5 20. a4 b4 21. Nb5 Qd7 22. Bb6 Rc6 23. Bxa5 Bf8 24. Kb1 Bh6 25. Qa7 Ke7 26. Bxb4 Bf4 27. Nxd6 Bxd6 28. Bxd6+ Rxd6 29. Rxd6 Qxd6 30. Qxb7+ Kf6 31. Qb5 1-0


[Site "https://www.chess.com"]

[Event "Titled Tuesday Blitz August 1 Late 2023"]
[White "Bach, Matthias"]
[Black "Tarnowska, Aleksandra"]
[WhiteFideId "4603168"]
[BlackFideId "1180967"]
[WhiteElo "2369"]
[BlackElo "2160"]
[Result "1-0"]
[Round "9"]
[TimeControl "180+1"]
[Date "2023.08.01"]
[WhiteClock "0:01:34"]
[BlackClock "0:00:16"]
[Board "95"]

1. d4 d5 2. c4 e6 3. Nf3 Nf6 4. g3 Be7 5. Bg2 O-O 6. O-O b6 7. cxd5 exd5 8. Ne5 Bb7 9. Qc2 c5 10. dxc5 bxc5 11. Rd1 Qb6 12. Nc3 Rd8 13. Bg5 Nc6 14. Bxf6 Bxf6 15. Nxf7 Nb4 16. Qf5 Kxf7 17. Qxh7 d4 18. Ne4 Rh8 19. Qf5 Qe6 20. Ng5+ 1-0


[Site "https://www.chess.com"]

[Event "Titled Tuesday Blitz August 1 Late 2023"]
[White "MrLudus"]
[Black "Kanyamarala, Trisha"]
[BlackFideId "45004722"]
[WhiteElo "2088"]
[BlackElo "2359"]
[Result "1-0"]
[Round "9"]
[TimeControl "180+1"]
[Date "2023.08.01"]
[WhiteClock "0:00:21"]
[BlackClock "0:01:07"]
[Board "96"]

1. e4 c5 2. Nf3 d6 3. d4 cxd4 4. Qxd4 Nc6 5. Bb5 Bd7 6. Qd3 a6 7. Bxc6 bxc6 8. c4 e5 9. Nc3 Qc7 10. O-O Nf6 11. h3 Be7 12. Rd1 Rd8 13. Be3 O-O 14. Rac1 Be6 15. Nd5 Qb7 16. Nxe7+ Qxe7 17. Bg5 h6 18. Bh4 g5 19. Bg3 Nh5 20. Bh2 Nf4 21. Bxf4 gxf4 22. Qa3 Kh7 23. Qxa6 Rg8 24. Kh2 Rc8 25. Rd2 Bd7 26. Rcd1 Qe6 27. Ng1 Rxg2+ 28. Kxg2 Rg8+ 29. Kf1 Qg6 30. Rxd6 Qxg1+ 31. Ke2 f3+ 32. Kxf3 Qg2+ 33. Ke3 Bxh3 34. Qxc6 Bg4 35. Rxh6+ Kg7 36. Qf6+ Kf8 37. Rd8# 1-0


[Site "https://www.chess.com"]

[Event "Titled Tuesday Blitz August 1 Late 2023"]
[White "Elissalt Cardenas, Hector"]
[Black "dorpato"]
[WhiteFideId "3500632"]
[WhiteElo "2355"]
[BlackElo "2057"]
[Result "1-0"]
[Round "9"]
[TimeControl "180+1"]
[Date "2023.08.01"]
[WhiteClock "0:02:18"]
[BlackClock "0:00:00"]
[Board "97"]

1. d4 Nf6 2. c4 g6 3. Nc3 Bg7 4. e4 d6 5. Be2 O-O 6. Be3 b6 7. f4 Bb7 8. Bf3 Nbd7 9. e5 Ne8 10. Bxb7 Rb8 11. Bc6 e6 12. Nf3 Rc8 13. O-O Nb8 14. Bb7 c5 15. Bxc8 1-0


[Site "https://www.chess.com"]

[Event "Titled Tuesday Blitz August 1 Late 2023"]
[White "Navyblue1"]
[Black "Mesa Cruz, Juan Carlos"]
[BlackFideId "6423400"]
[WhiteElo "1959"]
[BlackElo "2353"]
[Result "1/2-1/2"]
[Round "9"]
[TimeControl "180+1"]
[Date "2023.08.01"]
[WhiteClock "0:00:20"]
[BlackClock "0:00:05"]
[Board "98"]

1. d4 Nf6 2. c4 e6 3. Nc3 Bb4 4. Nf3 O-O 5. g3 d5 6. Bg2 dxc4 7. Ne5 Nd5 8. Qc2 Nb6 9. e3 N8d7 10. Nxd7 Qxd7 11. O-O a5 12. Ne4 c6 13. a3 Be7 14. Nd2 a4 15. Rd1 Bf6 16. Nxc4 Nxc4 17. Qxc4 Qe7 18. Bd2 Rd8 19. Bb4 Qe8 20. Rac1 Bd7 21. Bc5 e5 22. dxe5 Bxe5 23. Bd4 Bxd4 24. Rxd4 Be6 25. Qc3 Rxd4 26. Qxd4 Qd8 27. Rd1 Qxd4 28. Rxd4 Kf8 29. Be4 Ke7 30. Bc2 b5 31. Rb4 h6 32. Rd4 f6 33. f3 Rd8 34. Kf2 Rxd4 35. exd4 Kd6 36. Ke3 Bd5 37. Bf5 g5 38. h3 Kc7 39. Be4 Kd6 40. Kd3 Ke6 41. g4 Kd6 42. Kc3 Bb3 43. Kd3 Bc4+ 44. Ke3 Bf1 45. Kf2 Bc4 46. Ke3 Bf1 47. Kf2 Bc4 48. Ke3 1/2-1/2


[Site "https://www.chess.com"]

[Event "Titled Tuesday Blitz August 1 Late 2023"]
[White "Miranda, Rafael"]
[Black "Dominguez Rincon, Miller Duvan"]
[WhiteFideId "130990"]
[BlackFideId "4406583"]
[WhiteElo "2613"]
[BlackElo "2031"]
[Result "1-0"]
[Round "9"]
[TimeControl "180+1"]
[Date "2023.08.01"]
[WhiteClock "0:01:57"]
[BlackClock "0:00:10"]
[Board "99"]

1. e4 e5 2. Nf3 Nc6 3. Bb5 a6 4. Ba4 Nf6 5. d3 d6 6. Bxc6+ bxc6 7. Nbd2 g6 8. Nc4 Bg7 9. O-O O-O 10. h3 Nd7 11. b3 Re8 12. Na5 Nb8 13. c4 Be6 14. Bg5 f6 15. Be3 d5 16. cxd5 cxd5 17. Rc1 c5 18. Nb7 Qe7 19. Nxc5 d4 20. Nxe6 dxe3 21. Nc7 exf2+ 22. Rxf2 Nd7 23. Nxa8 Rxa8 24. d4 Bh6 25. Rc3 exd4 26. Qxd4 Rd8 27. Rd3 Bf4 28. Rc2 Bb8 29. Rcd2 1-0


[Site "https://www.chess.com"]

[Event "Titled Tuesday Blitz August 1 Late 2023"]
[White "Tqebuchava, Zurab"]
[Black "Rama, Tejas"]
[WhiteFideId "13601113"]
[BlackFideId "30907381"]
[WhiteElo "2270"]
[BlackElo "2411"]
[Result "0-1"]
[Round "9"]
[TimeControl "180+1"]
[Date "2023.08.01"]
[WhiteClock "0:00:00"]
[BlackClock "0:00:03"]
[Board "100"]

1. e4 c5 2. Nf3 d6 3. Bb5+ Bd7 4. Bxd7+ Nxd7 5. O-O Ngf6 6. Re1 e6 7. c3 Be7 8. d3 O-O 9. Bg5 h6 10. Bh4 Re8 11. Nbd2 b5 12. a4 a6 13. axb5 axb5 14. Qb3 Qb6 15. h3 Qb7 16. Bg3 Reb8 17. Rxa8 Qxa8 18. d4 Re8 19. e5 dxe5 20. dxe5 Nh5 21. Bh2 g6 22. Qxb5 Rd8 23. Nc4 Ng7 24. Qb3 Nf5 25. Rd1 Rb8 26. Qc2 Nb6 27. Nxb6 Rxb6 28. Qd2 Qb7 29. Rb1 c4 30. Bf4 Ba3 31. Qd8+ Kh7 32. Rd1 Qb8 33. Qd7 Rb7 34. Qa4 Bxb2 35. Qxc4 Bxc3 36. Qxc3 Rc7 37. Qd3 g5 38. Bg3 Kg7 39. Qd8 Qb7 40. Qf6+ Kh7 41. Rd8 Rc8 42. Qh8+ Kg6 43. Qg8+ Kh5 0-1


[Site "https://www.chess.com"]

[Event "Titled Tuesday Blitz August 1 Late 2023"]
[White "Vila Dupla, Aurelio"]
[Black "Necromon"]
[WhiteFideId "2203383"]
[WhiteElo "2161"]
[BlackElo "2380"]
[Result "1-0"]
[Round "9"]
[TimeControl "180+1"]
[Date "2023.08.01"]
[WhiteClock "0:01:30"]
[BlackClock "0:01:16"]
[Board "101"]

1. Nf3 d5 2. d4 c5 3. c4 cxd4 4. cxd5 Qxd5 5. Qxd4 Qxd4 6. Nxd4 Nf6 7. Nb5 Na6 8. N1c3 Bd7 9. e4 e5 10. Bg5 Bb4 11. Bxf6 gxf6 12. O-O-O O-O 13. Rxd7 Nc5 14. Rd1 a6 15. Nd6 Rfd8 16. Be2 Bxc3 17. bxc3 Ne6 18. Bc4 b5 19. Bxe6 fxe6 20. Kb2 Ra7 21. Rd2 Rg7 22. g3 Rgd7 23. Rhd1 f5 24. exf5 exf5 25. Kc2 f4 26. Ne4 Rxd2+ 27. Rxd2 Rf8 28. Rd6 fxg3 29. hxg3 a5 30. Rd5 1-0


[Site "https://www.chess.com"]

[Event "Titled Tuesday Blitz August 1 Late 2023"]
[White "Cardozo Munar, Carlos Eduardo"]
[Black "Shapiro, Daniel"]
[WhiteFideId "4409477"]
[BlackFideId "2001780"]
[WhiteElo "2265"]
[BlackElo "2361"]
[Result "1-0"]
[Round "9"]
[TimeControl "180+1"]
[Date "2023.08.01"]
[WhiteClock "0:00:09"]
[BlackClock "0:00:00"]
[Board "102"]

1. e4 c5 2. Nf3 d6 3. Nc3 Nc6 4. Bc4 e6 5. O-O g5 6. h3 h5 7. Nh2 Bg7 8. a3 Be5 9. d3 g4 10. f4 Bd4+ 11. Kh1 gxh3 12. gxh3 Qh4 13. Qf3 a6 14. Be3 Bd7 15. Bf2 Bxf2 16. Rxf2 Nd4 17. Qe3 Ne7 18. Rg1 O-O-O 19. b4 d5 20. Ba2 Bc6 21. bxc5 Ndf5 22. Qf3 dxe4 23. dxe4 Rdg8 24. Rxg8+ Rxg8 25. Ne2 Ng6 26. Nf1 Rd8 27. Kh2 Rd1 28. Ne3 Rd2 29. Nxf5 exf5 30. Ng3 fxe4 31. Qg2 e3 32. Bd5 Rxf2 33. Bxc6 Rxg2+ 34. Bxg2 Qxf4 35. h4 1-0


[Site "https://www.chess.com"]

[Event "Titled Tuesday Blitz August 1 Late 2023"]
[White "Burke, Paul"]
[Black "AndresDelgado77"]
[WhiteFideId "2605767"]
[WhiteElo "1909"]
[BlackElo "2360"]
[Result "0-1"]
[Round "9"]
[TimeControl "180+1"]
[Date "2023.08.01"]
[WhiteClock "0:00:13"]
[BlackClock "0:01:16"]
[Board "103"]

1. e4 e6 2. d4 d5 3. e5 c5 4. Qg4 cxd4 5. Nf3 Nc6 6. Bd3 Qc7 7. O-O Nb4 8. Nxd4 Nxd3 9. cxd3 Bd7 10. Nc3 Qxe5 11. Ndb5 Nf6 12. Qd1 a6 13. d4 Qb8 14. Na3 b5 15. Nc2 Bd6 16. h3 b4 17. Ne2 Ne4 18. Be3 Bb5 19. Re1 O-O 20. b3 Rc8 21. Rc1 a5 22. Na1 Bxe2 23. Qxe2 Nc3 24. Qd2 Qb5 25. Nc2 Nxa2 0-1


[Site "https://www.chess.com"]

[Event "Titled Tuesday Blitz August 1 Late 2023"]
[White "Curtis, John"]
[Black "KorolDimitriy75"]
[WhiteFideId "3200256"]
[WhiteElo "2098"]
[BlackElo "2346"]
[Result "0-1"]
[Round "9"]
[TimeControl "180+1"]
[Date "2023.08.01"]
[WhiteClock "0:01:06"]
[BlackClock "0:00:07"]
[Board "104"]

1. d4 Nf6 2. Bg5 Ne4 3. Bf4 c5 4. Nd2 Nxd2 5. Qxd2 cxd4 6. Qxd4 Nc6 7. Qd2 e5 8. Bg3 d5 9. Nf3 f6 10. e3 Be6 11. Bb5 Be7 12. O-O O-O 13. Ba4 Qc7 14. Bb3 Rfd8 15. Nd4 Bf7 16. Nxc6 bxc6 17. c3 Rab8 18. Bc2 g6 19. b3 c5 20. a3 a5 21. Rfc1 Qb6 22. Bd1 d4 23. cxd4 cxd4 24. exd4 Rxd4 25. Qe1 Bxb3 26. a4 Bxd1 27. Rxd1 Bb4 28. Qe2 Rbd8 29. Rxd4 Qxd4 30. h4 Qxa1+ 31. Kh2 Qd4 32. Qa6 Qd6 33. Qb7 Qd7 34. Qe4 Kg7 35. h5 Qf5 36. h6+ Kxh6 37. Qb7 Qh5+ 38. Bh4 0-1


[Site "https://www.chess.com"]

[Event "Titled Tuesday Blitz August 1 Late 2023"]
[White "Stanisz, Patryk"]
[Black "Rodriguez Santiago, Jaime"]
[WhiteFideId "1123106"]
[BlackFideId "3100898"]
[WhiteElo "2293"]
[BlackElo "2329"]
[Result "1-0"]
[Round "9"]
[TimeControl "180+1"]
[Date "2023.08.01"]
[WhiteClock "0:00:32"]
[BlackClock "0:00:13"]
[Board "105"]

1. d4 Nf6 2. c4 e6 3. Nc3 Bb4 4. e3 O-O 5. Ne2 d5 6. a3 Be7 7. cxd5 exd5 8. g3 c6 9. Bg2 Bg4 10. f3 Bd7 11. O-O Na6 12. e4 dxe4 13. fxe4 Bg4 14. Qb3 Qd7 15. Be3 h6 16. e5 Nd5 17. Nxd5 cxd5 18. Nc3 Nc7 19. Nxd5 Nxd5 20. Qxd5 Qxd5 21. Bxd5 Rab8 22. Rac1 Bd8 23. Kg2 Bb6 24. h3 Bh5 25. e6 fxe6 26. Bxe6+ Kh8 27. Bf4 Rbe8 28. d5 Bg6 29. Bd6 Be4+ 30. Kh2 Rxf1 31. Rxf1 Rd8 32. Rf8+ Rxf8 33. Bxf8 Kh7 34. d6 Bc5 35. d7 Bb6 36. Be7 Bg2 37. Kxg2 Bd8 38. Bxd8 b6 39. Bxb6 a5 40. d8=Q 1-0


[Site "https://www.chess.com"]

[Event "Titled Tuesday Blitz August 1 Late 2023"]
[White "Georg, Heinz"]
[Black "Silvestre, Christian"]
[WhiteFideId "4607295"]
[BlackFideId "30956269"]
[WhiteElo "2290"]
[BlackElo "2320"]
[Result "0-1"]
[Round "9"]
[TimeControl "180+1"]
[Date "2023.08.01"]
[WhiteClock "0:00:02"]
[BlackClock "0:01:00"]
[Board "106"]

1. b4 Nf6 2. Bb2 d6 3. Nf3 g6 4. e3 Bg7 5. d4 O-O 6. Nbd2 a5 7. b5 c6 8. c4 cxb5 9. cxb5 b6 10. Be2 Bb7 11. O-O Nbd7 12. Rc1 Rc8 13. Qb3 Rxc1 14. Rxc1 Qa8 15. Rc7 Rc8 16. Qc2 Nd5 17. Rxc8+ Qxc8 18. Qxc8+ Bxc8 19. Bc4 Bb7 20. Kf1 N7f6 21. Ke2 Kf8 22. g3 h6 23. a3 Nc7 24. Ne1 e6 25. Kd3 Ke7 26. a4 Ncd5 27. Ba3 Kd7 28. Nc2 Ng4 29. f3 Nxh2 30. Ke2 Ne7 31. Kf2 g5 32. g4 h5 33. Kg3 hxg4 34. Kxh2 gxf3 35. Kg3 Nf5+ 36. Kf2 g4 37. Nf1 Bf6 38. Bd3 Bh4+ 39. Kg1 g3 40. e4 Nh6 41. Bc1 Ng4 42. Bf4 g2 43. Nh2 Nxh2 44. Kxh2 Bf2 45. Be3 g1=Q+ 0-1


[Site "https://www.chess.com"]

[Event "Titled Tuesday Blitz August 1 Late 2023"]
[White "Garmendiarov"]
[Black "Cooper, Aaron"]
[BlackFideId "2634945"]
[WhiteElo "2270"]
[BlackElo "2309"]
[Result "0-1"]
[Round "9"]
[TimeControl "180+1"]
[Date "2023.08.01"]
[WhiteClock "0:00:00"]
[BlackClock "0:00:10"]
[Board "108"]

1. e4 d5 2. exd5 Qxd5 3. Nc3 Qd6 4. d4 Nf6 5. Nf3 a6 6. Ne5 Nc6 7. Nc4 Qxd4 8. Bd3 e6 9. Be3 Qh4 10. Qe2 b5 11. g3 Qh3 12. Nd2 Bb4 13. O-O-O Bxc3 14. bxc3 Bb7 15. Ne4 Nxe4 16. Bxe4 O-O 17. Rd7 Rac8 18. Rhd1 e5 19. g4 Na5 20. Bc5 Rfe8 21. R1d3 Qxh2 22. Rf3 Qg1+ 23. Rd1 Qxg4 24. Bxb7 Nxb7 25. Be3 Nd6 26. Rd2 Qa4 27. Rg3 Qa3+ 28. Kd1 Qxa2 29. Qg4 g6 30. Qg5 Qa1+ 31. Ke2 Qxc3 32. Bf4 Qc4+ 33. Ke1 exf4+ 0-1


[Site "https://www.chess.com"]

[Event "Titled Tuesday Blitz August 1 Late 2023"]
[White "Gerbelli Neto, Eduardo"]
[Black "Arias Igual, Alejandro"]
[WhiteFideId "2103281"]
[BlackFideId "2254905"]
[WhiteElo "2308"]
[BlackElo "2250"]
[Result "0-1"]
[Round "9"]
[TimeControl "180+1"]
[Date "2023.08.01"]
[WhiteClock "0:00:39"]
[BlackClock "0:00:49"]
[Board "109"]

1. e4 c5 2. Nc3 Nc6 3. f4 g6 4. Nf3 Bg7 5. Bc4 e6 6. f5 Nge7 7. fxe6 fxe6 8. d3 O-O 9. O-O Na5 10. Bg5 h6 11. Bh4 g5 12. Bf2 b6 13. Bb3 d5 14. Qe2 Nxb3 15. axb3 d4 16. Nb1 Ng6 17. g3 e5 18. Nfd2 Bh3 19. Re1 Qd7 20. Nc4 Rf6 21. Nxb6 Rxb6 22. Na3 Rf8 23. Nc4 Rbf6 0-1


[Site "https://www.chess.com"]

[Event "Titled Tuesday Blitz August 1 Late 2023"]
[White "Da Matta, Eduardo Cesar"]
[Black "The_Straightforward_Rook"]
[WhiteFideId "2193108"]
[WhiteElo "2225"]
[BlackElo "2303"]
[Result "0-1"]
[Round "9"]
[TimeControl "180+1"]
[Date "2023.08.01"]
[WhiteClock "0:00:00"]
[BlackClock "0:00:48"]
[Board "110"]

1. d4 Nf6 2. c4 e6 3. Nc3 d5 4. cxd5 exd5 5. Bg5 Nbd7 6. e3 c6 7. Bd3 Be7 8. Qc2 Nh5 9. Bxe7 Qxe7 10. Nge2 g6 11. O-O O-O 12. Rae1 f5 13. Ng3 Nxg3 14. hxg3 Nf6 15. f3 Qd6 16. Qf2 Nh5 17. Kh2 Bd7 18. Ne2 Rae8 19. Nf4 Nxf4 20. gxf4 Re7 21. g3 Rfe8 22. Rg1 c5 23. b3 h5 24. Kg2 cxd4 25. exd4 Qb4 26. Rxe7 Rxe7 27. Rc1 Bb5 28. Rc8+ Kh7 29. Bxb5 Qxb5 30. Rc2 Qd3 31. Rd2 Qc3 32. Rc2 Qd3 33. Rd2 Qb1 34. Rc2 Qd1 35. Rd2 Qa1 36. Re2 Rxe2 37. Qxe2 Qxd4 38. Qe7+ Qg7 39. Qe6 d4 40. Qd5 b6 41. g4 hxg4 42. fxg4 fxg4 43. Kg3 Qe7 44. Kxg4 Qe2+ 45. Kg5 Qe7+ 46. Kg4 Qf6 47. Qd7+ Qg7 48. Qd5 Qf6 49. Qd7+ Kh6 50. Kg3 g5 51. fxg5+ Qxg5+ 52. Kf3 Qe3+ 53. Kg4 Qe4+ 54. Kg3 d3 55. Qd6+ Kg5 56. Qd8+ Kf5 57. Qh8 Qe5+ 0-1


[Site "https://www.chess.com"]

[Event "Titled Tuesday Blitz August 1 Late 2023"]
[White "Feliz Dotel, Dewar Bienvenido"]
[Black "Miguelitro69"]
[WhiteFideId "6402801"]
[WhiteElo "2158"]
[BlackElo "2293"]
[Result "1-0"]
[Round "9"]
[TimeControl "180+1"]
[Date "2023.08.01"]
[WhiteClock "0:00:43"]
[BlackClock "0:00:00"]
[Board "111"]

1. d4 Nf6 2. e3 d6 3. Nf3 g6 4. Be2 Bg7 5. b4 O-O 6. Bb2 a5 7. b5 Nbd7 8. O-O c6 9. a4 Qc7 10. c4 e5 11. Nbd2 Re8 12. Qc2 cxb5 13. axb5 b6 14. Rfc1 Bb7 15. Ra3 Rac8 16. Qa4 Qb8 17. Rac3 e4 18. Ng5 h6 19. Nh3 g5 20. Qa1 Rc7 21. Nb3 Qd8 22. R3c2 Qe7 23. c5 dxc5 24. dxc5 Bd5 25. Nd4 Qf8 26. cxb6 Rxc2 27. Rxc2 Nc5 28. Nf5 Nb3 29. Qd1 Be6 30. Nxg7 1-0


[Site "https://www.chess.com"]